 Dungeon Crawl Stone Soup version 0.31-a0-819-gf6de2f5ab6 (webtiles) character file.

Game seed: 10179467087417829497

453 Bravepunisher the Ducker (level 6, 0/52 HPs)
             Began as a Spriggan Monk on Sept 23, 2023.
             Slain by Edmund
             ... wielding a +4 heavy flail
              (15 damage)
             ... on level 5 of the Dungeon.
             The game lasted 00:07:25 (1747 turns).

Bravepunisher the Ducker (Spriggan Monk)            Turns: 1747, Time: 00:07:27

Health: 0/52       AC: 23    Str:  7    XL:     6   Next: 75%
Magic:  7/7        EV:  4    Int: 11    God:
Gold:   142        SH:  0    Dex: 20    Spells: 5/5 levels left

rFire   . . .        e - +3 spear
rCold   + . .        (no shield)
rNeg    . . .        b - melded +0 robe
rPois   +            (helmet currently unavailable)
rElec   .            (cloak currently unavailable)
rCorr   .            (gloves unavailable)
SInv    +            (boots unavailable)
Will    +....        (no amulet)
Stlth   ++           a - ring of protection from cold
HPRegen 0.28/turn    (no ring)
MPRegen 0.10/turn

%: no passive effects
@: tree-form (expiring)
A: stationary, stasis, torment immunity, boosted hp, very small, no large
weapons, unfitting armour, see invisible, (speed 3)
a: no special abilities


You were on level 5 of the Dungeon.
You were a tree.
You visited 1 branch of the dungeon, and saw 7 of its levels.

You collected 142 gold pieces.

Inventory:

Hand Weapons
 e - a +3 spear (weapon)
Armour
 b - a +0 robe (melded)
 d - an orb of light
Jewellery
 a - a ring of protection from cold (left branch)
Scrolls
 g - 3 scrolls of identify {unknown}
 h - a scroll of vulnerability {unknown}
 j - a scroll of enchant weapon {unknown}
 k - a scroll of amnesia {unknown}
 l - a scroll of fog {unknown}


   Skills:
 * Level 5.4 Fighting
 - Level 3.2 Short Blades
 + Level 6.7 Dodging


You had 5 spell levels left.
You didn't know any spells.
Your spell library contained the following spells:

 Spells                   Type           Power      Damage    Failure   Level
 Tukima's Dance           Hex            0%         N/A       71%         3
 Passage of Golubria      Tloc           0%         N/A       98%         4
 Yara's Violent Unravell  Hex/Tmut       0%         3d3       100%        5


Dungeon Overview and Level Annotations

Branches:
Dungeon (7/15)
 Temple: D:4-7

Altars:

Shops:
D:7 *[*

Annotations:
D:3 Sigmund
D:5 Edmund


Innate Abilities, Weirdness & Mutations

You are a tree.
Your roots penetrate the ground, keeping you stationary.
You cannot be teleported.
You are immune to unholy pain and torment.
Your maximum health is greatly increased.
Your equipment is partially melded.
You are very small and have problems with some larger weapons.
You are too small for most types of armour.
You have supernaturally acute eyesight. (SInv)
((You cover ground extremely quickly. (Speed+++)))


Message History

You barely miss the dart slug. Edmund barely misses you.
The iguana hisses menacingly.
The dart slug bites you but does no damage.
You hit the dart slug.
The dart slug is heavily wounded.
Edmund hits you with a +4 heavy flail!
The dart slug bites you but does no damage.
You hit Edmund but do no damage. Edmund hits you but does no damage.
You hit Edmund.
Edmund is lightly wounded.
The dart slug bites you but does no damage.
You hit Edmund. You punch Edmund.
Edmund is moderately wounded.
Edmund zaps a wand.
The puff of flame hits you.
The dart slug bites you but does no damage.
You barely miss Edmund.
Edmund is moderately wounded.
Edmund says, "Everyone always remembers my brother. 'Who's Edmund?' they ask!"
Edmund hits you with a +4 heavy flail!
* * * LOW HITPOINT WARNING * * *
The dart slug launches a dart at you.
The slug dart hits you but does no damage.
You hit Edmund but do no damage.
Edmund is moderately wounded.
Your transformation is almost over.
Edmund hits you but does no damage. The dart slug launches a dart at you.
The slug dart hits you but does no damage.
You barely miss Edmund.
Edmund is moderately wounded.
Edmund zaps a wand.
The puff of flame hits you but does no damage.
You hit Edmund but do no damage.
Edmund is moderately wounded.
The dart slug launches a dart at you. The slug dart hits you.
* * * LOW HITPOINT WARNING * * *
Edmund hits you with a +4 heavy flail!
You die...
Edmund whines, "They better pay attention to me now!"

#..#########
#......>.ll#
#.########@######..
#.♣wo.....
##########


You could see Edmund, 2 iguanas, a dart slug and an orc.

Vanquished Creatures
  A water moccasin (D:6)
  A kobold brigand (D:6)
  A bullfrog (D:6)
  A scorpion (D:5)
  A jelly (D:6)
  An iguana (D:6)
  3 adders
  3 gnolls (D:4)
  2 worms (D:3)
  A dart slug (D:3)
  7 orcs
  4 endoplasms
  2 hobgoblins
  3 jackals (D:1)
  7 kobolds
  A quokka (D:1)
  A ball python (D:4)
  A bat (D:1)
41 creatures vanquished.

Notes
Turn   | Place    | Note
-------+----------+-------------------------------------------
     0 | D:1      | Bravepunisher the Spriggan Monk began the quest for the
                  | Orb.
     0 | D:1      | Reached XP level 1. HP: 11/11 MP: 2/2
   207 | D:1      | Reached XP level 2. HP: 16/16 MP: 3/3
   336 | D:3      | Reached XP level 3. HP: 18/20 MP: 4/4
   387 | D:3      | Noticed Sigmund
   642 | D:4      | Reached skill level 5 in Dodging
   642 | D:4      | Reached XP level 4. HP: 20/25 MP: 5/5
   828 | D:5      | Entered Level 5 of the Dungeon
   842 | D:5      | Noticed a scorpion
   870 | D:5      | Noticed Edmund
   873 | D:5      | HP: 1/25 [Edmund/+4 heavy flail (16)]
   989 | D:7      | Found Qiaconu's Armour Shop.
   989 | D:7      | Found Utel's General Store.
   991 | D:7      | Noticed a black bear
   991 | D:7      | Noticed a scorpion
   993 | D:7      | Found Fesie's Assorted Antiques.
  1058 | D:6      | Noticed a bullfrog
  1077 | D:6      | Killed a bullfrog
  1078 | D:6      | Reached XP level 5. HP: 22/29 MP: 6/6
  1230 | D:6      | Reached skill level 6 in Dodging
  1307 | D:6      | Noticed a water moccasin
  1338 | D:6      | Killed a water moccasin
  1339 | D:6      | Reached skill level 5 in Fighting
  1339 | D:6      | Reached XP level 6. HP: 25/35 MP: 7/7
  1747 | D:5      | Slain by Edmund

Illustrated notes

Levels and vault maps discovered:
D:1:      dpeg_arrival_water_altar, layout_rooms
D:2:      layout_rooms, uniq_terence
D:3:      layout_rooms, uniq_crazy_yiuf_cottage, uniq_sigmund, uniq_robin
D:4:      layout_cave_pools, serial_shops, shop, minmay_cupped, uniq_natasha
D:5:      layout_loops_ring, mainiacjoe_overflow_divided_tiny,
          minmay_misc_feat_room, uniq_edmund
D:6:      layout_gridville
D:7:      layout_basic, ashenzari_conservatory_becter,
          minmay_temple_entry_junction, enter_ossuary_4,
          ebering_ghost_rock_garden, nicolae_shop_distant_corner_stores,
          ebering_dispersal_statue_hall, minmay_chambers_of_fives

Skill      XL: |  1  2  3  4  5 |
---------------+----------------+-----
Fighting       | 3 4 5 |  5.4
Dodging        | 5 6 |  6.7
Short Blades   | |  3.2

Action                     |  1- 3 |  4- 6 || total
---------------------------+-------+-------++-------
  Melee: Short sword       |    18 |       ||    18
         Spear             |    72 |   124 ||   196
         Punch             |       |     1 ||     1
    Use: Potion            |       |     4 ||     4
         Scroll            |       |     1 ||     1
   Stab: Sleeping          |     2 |     1 ||     3
 Armour: Robe              |    19 |    33 ||    52
         Skin              |       |    48 ||    48
  Dodge: Dodged            |    54 |   102 ||   156

Table legend: (Time is in decaauts)
 A = Elapsed time spent in this place.
 B = Non-inter-level travel time spent in this place.
 C = Inter-level travel time spent in this place.
 D = Time resting spent in this place.
 E = Time spent auto-exploring this place.
 F = Levels seen in this place.
 G = Mean time per level.
                   A        B        C        D        E       F      G
               +--------+--------+--------+--------+--------+-----+--------+
         Total |   1414 |   1405 |      9 |    237 |    648 |   7 |  202.0 |
       Dungeon |   1414 |   1405 |      9 |    237 |    648 |   7 |  202.0 |
               +--------+--------+--------+--------+--------+-----+--------+

Top non-repeatable levels by time:
     D:6: 701 daAuts
     D:4: 334 daAuts
     D:1: 166 daAuts
     D:5: 89 daAuts
     D:3: 85 daAuts
     D:2: 31 daAuts
     D:7: 6 daAuts
